 Dungeon Crawl Stone Soup version 0.29-a0-878-g7b45a56547 (webtiles) character file.

Game seed: 12140513578267034804

847 kevlar127 the Ruffian (level 7, -3/106 HPs)
             Began as a Troll Berserker on July 19, 2022.
             Was a Priest of Trog.
             Slain by a gnoll
             ... wielding a +0 halberd
             ... led by a gnoll sergeant
              (6 damage)
             ... on level 6 of the Dungeon.
             The game lasted 00:06:22 (3456 turns).

kevlar127 the Ruffian (Troll Berserker)             Turns: 3456, Time: 00:06:23

Health: -3/106     AC:  7    Str: 28    XL:     7   Next: 68%
Magic:  6/6        EV: 10    Int:  3    God:    Trog [***...]
Gold:   273        SH:  0    Dex:  7    Spells: 6/6 levels left

rFire   + . .      SeeInvis .     - Unarmed
rCold   . . .      Faith    .   (no shield)
rNeg    + . .      Spirit   .   y - +1 robe of Eshremavi {rF+ rN+ Dex-2}
rPois   +          Reflect  .   (helmet restricted)
rElec   .          Harm     .   A - +1 cloak
rCorr   .          Rampage  .   (gloves unavailable)
Will    ++...                   (boots unavailable)
Stlth   ..........              (no amulet)
HPRegen 2.07/turn               b - ring of poison resistance
MPRegen 0.10/turn               (no ring)

@: berserking (expiring), weakened, strong-willed, regenerating, very quick
A: large, unfitting armour, claws 3, regeneration 1, shaggy fur 1, tough skin 1
a: Renounce Religion, Berserk, Trog's Hand


You were on level 6 of the Dungeon.
You worshipped Trog.
Trog was most pleased with you.
You visited 1 branch of the dungeon, and saw 6 of its levels.

You collected 273 gold pieces.

Inventory:

Missiles
 c - 59 stones (quivered)
 l - 7 boomerangs
 q - 9 poisoned darts
 r - 4 javelins
Armour
 a - the +0 robe "Ekofyun" {rElec rC+}
   (You found it on level 3 of the Dungeon)

   rC:        It protects you from cold.
   rElec:     It insulates you from electricity.
 y - the +1 robe of Eshremavi (worn) {rF+ rN+ Dex-2}
   (You found it on level 3 of the Dungeon)

   Dex:       It affects your dexterity (-2).
   rF:        It protects you from fire.
   rN:        It protects you from negative energy.
 A - a +1 cloak (worn)
Jewellery
 b - a ring of poison resistance (left claw)
Wands
 p - a wand of charming (10)
Scrolls
 g - 3 scrolls of teleportation {unknown}
 h - 2 scrolls of enchant armour {unknown}
 j - 6 scrolls of identify {unknown}
 k - 2 scrolls of immolation {unknown}
 m - a scroll of poison {unknown}
 n - a scroll of magic mapping {unknown}
 o - a scroll of brand weapon {unknown}
 s - 2 scrolls of fog {unknown}
 v - a scroll of summoning {unknown}
 z - a scroll of noise {unknown}
Potions
 d - 2 potions of might {unknown}
 e - 3 potions of curing {unknown}
 f - a potion of attraction {unknown}
 i - 3 potions of heal wounds {unknown}
 t - a potion of brilliance {unknown}
 u - 3 potions of flight {unknown}
 w - a potion of lignification {unknown}
 x - a potion of magic {unknown}


   Skills:
 + Level 4.8 Fighting
 + Level 3.9 Throwing
 - Level 3.0 Dodging
 + Level 5.8 Unarmed Combat


You had 6 spell levels left.
You didn't know any spells.
Your spell library was empty.

Dungeon Overview and Level Annotations

Branches:
Dungeon (6/15)             Temple (0/1) D:5

Altars:
Dithmenos
Okawaru
Wu Jian
Zin


Innate Abilities, Weirdness & Mutations

You are too large for most types of armour.
You have claws for hands.
Your natural rate of healing is unusually fast.
You are covered in fur. (AC +1)
You have tough skin. (AC +1)


Message History

The gnoll barely misses you. x2
The gnoll bouda barks out a call to the hunt!
The gnolls pick up the pace!
The gnoll barely misses you.
You closely miss the adder. The adder barely misses you.
The gnoll sergeant hits you with a +0 spear!
* * * LOW HITPOINT WARNING * * *
The gnoll misses you.
You miss the adder. The gnoll hits you with a +0 halberd!
* * * LOW HITPOINT WARNING * * *
The adder bites you but does no damage.
The gnoll bouda gazes fiercely through you!
You feel as though you will be weak longer.
The gnoll bouda misses you. The gnoll closely misses you.
Unknown command.
You barely miss the adder.
The gnoll sergeant hits you with a +0 spear.
* * * LOW HITPOINT WARNING * * *
The adder closely misses you. The gnoll closely misses you.
The gnoll barely misses you.
You scratch the adder.
The adder is heavily wounded.
The gnoll is no longer moving quickly.
The gnoll bouda barely misses you. The gnoll barely misses you.
The gnoll sergeant barely misses you. The adder bites you but does no damage.
You miss the adder.
The adder is heavily wounded.
The gnoll closely misses you. The gnoll barely misses you.
The gnoll bouda gazes fiercely through you!
You feel as though you will be weak longer.
The gnoll bouda hits you with a +0 club.
* * * LOW HITPOINT WARNING * * *
The gnoll hits you from afar with a +0 spear.
* * * LOW HITPOINT WARNING * * *
You mangle the adder!!
You kill the adder!
Trog accepts your kill. The gnoll sergeant closely misses you.
The gnoll closely misses you. The gnoll hits you with a +0 halberd.
You die...

#..##.# ........##
..$.P.....
.PP.P.PP.#########
.......P.. ....$[.
.P.......###...#
.PP......)....#####
..P...gggg.........
...P..g@.##...########
...P.....$...........#
....#########.#<.....#
... ....:...########
.. #####.... ...).##
#<###.# #. ... # #.#


You could see a gnoll sergeant (swift), a gnoll bouda and 3 gnolls.

Vanquished Creatures
  3 black bears
  A phantom (D:5)
  A necrophage (D:6)
  A hound (D:4)
  8 iguanas
  An orc wizard (D:5)
  2 gnolls (D:6)
  6 adders
  2 worms
  A dart slug (D:4)
  6 orcs
  6 bats
  13 endoplasms
  6 giant cockroaches
  9 goblins
  7 hobgoblins
  3 jackals (D:2)
  8 kobolds
  6 quokkas
  8 ball pythons
  2 frilled lizards
  4 rats
104 creatures vanquished.

Vanquished Creatures (others)
  7 plants (D:6)
7 creatures vanquished.

Grand Total: 111 creatures vanquished

Notes
Turn   | Place    | Note
-------+----------+-------------------------------------------
     0 | D:1      | kevlar127 the Troll Berserker began the quest for the Orb.
     0 | D:1      | Reached XP level 1. HP: 22/22 MP: 0/0
   111 | D:1      | Reached XP level 2. HP: 29/29 MP: 1/1
   480 | D:1      | Reached XP level 3. HP: 36/36 MP: 2/2
   681 | D:2      | Reached ** piety under Trog
  1094 | D:3      | Identified the +0 robe "Ekofyun" {rElec rC+}
  1141 | D:3      | Found an ornate altar of the Wu Jian Council.
  1141 | D:3      | Found an iron altar of Okawaru.
  1270 | D:3      | Found a faded altar of an unknown god.
  1277 | D:3      | Reached XP level 4. HP: 45/45 MP: 3/3
  1551 | D:3      | Identified the +1 robe of Eshremavi {rF+ rN+ Dex-2}
  1605 | D:3      | Found a shadowy altar of Dithmenos.
  1992 | D:4      | Noticed a black bear
  1997 | D:4      | Killed a black bear
  1998 | D:4      | Reached skill level 1 in Throwing
  1998 | D:4      | Reached skill level 4 in Unarmed Combat
  1998 | D:4      | Reached XP level 5. HP: 53/53 MP: 4/4
  2115 | D:4      | Reached *** piety under Trog
  2268 | D:4      | Reached XP level 6. HP: 47/62 MP: 5/5
  2515 | D:4      | Found a glowing silver altar of Zin.
  2813 | D:5      | Entered Level 5 of the Dungeon
  2851 | D:5      | Found a staircase to the Ecumenical Temple.
  2916 | D:5      | Reached skill level 5 in Unarmed Combat
  2916 | D:5      | Reached XP level 7. HP: 53/70 MP: 6/6
  3453 | D:6      | HP: 4/106 [gnoll sergeant/+0 spear (5)]
  3456 | D:6      | Slain by a gnoll

Illustrated notes

Levels and vault maps discovered:
D:1:      dpeg_arrival_boxorama, layout_loops_ring, due_unseen_surprise
D:2:      layout_rooms
D:3:      kennysheep_six_static_rooms, layout_loops_corners, marbit_many_paths,
          nicolae_overflow_two_pavilions, hellmonk_ecumenical_altar_crossroads
D:4:      layout_basic, zin_statuary
D:5:      nicolae_cairo_tiling, layout_rooms, minmay_temple_entry_statues
D:6:      kennysheep_windowed_halls, layout_basic, lemuel_crystal_altar,
          nicolae_grassy_gnolls, uniq_crazy_yiuf_cottage, uniq_edmund

Skill      XL: |  1  2  3  4  5  6 |
---------------+-------------------+-----
Fighting       | 3 4 |  4.8
Dodging        | 3 |  3.0
Throwing       | 1 2 3 |  3.9
Unarmed Combat | 4 5 |  5.8

Action                   |  1- 3 |  4- 6 |  7- 9 || total
-------------------------+-------+-------+-------++-------
Melee: Unarmed           |   103 |   103 |    36 ||   242
       Punch             |     1 |     6 |       ||     7
Invok: Berserk           |       |       |     1 ||     1
       Trog's Hand       |       |       |     1 ||     1
 Stab: Sleeping          |     1 |       |       ||     1
Armor: Animal skin       |    35 |    26 |       ||    61
       Robe              |       |    10 |    16 ||    26
Dodge: Dodged            |    49 |    68 |    52 ||   169

Table legend: (Time is in decaauts)
 A = Elapsed time spent in this place.
 B = Non-inter-level travel time spent in this place.
 C = Inter-level travel time spent in this place.
 D = Time resting spent in this place.
 E = Time spent auto-exploring this place.
 F = Levels seen in this place.
 G = Mean time per level.
                   A        B        C        D        E       F      G
               +--------+--------+--------+--------+--------+-----+--------+
         Total |   3435 |   3070 |    365 |      0 |   2475 |   6 |  572.5 |
       Dungeon |   3435 |   3070 |    365 |      0 |   2475 |   6 |  572.5 |
               +--------+--------+--------+--------+--------+-----+--------+

Top non-repeatable levels by time:
     D:3: 1083 daAuts
     D:1: 665 daAuts
     D:4: 661 daAuts
     D:5: 603 daAuts
     D:2: 392 daAuts
     D:6: 30 daAuts
